 Dungeon Crawl Stone Soup version 0.18.1-48-g4cf74bf (webtiles) character file.

742 Mellonil the Bolt Thrower (level 7, -10/63 HPs)
             Began as a Minotaur Hunter on Aug 20, 2016.
             Was an Initiate of Okawaru.
             Mangled by a spriggan
             ... wielding a +0 short sword
              (12 damage)
             ... on level 5 of the Dungeon.
             The game lasted 00:12:31 (2829 turns).

Mellonil the Bolt Thrower (Minotaur Hunter)         Turns: 2829, Time: 00:12:31

Health: -10/63     AC:  3    Str: 18    XL:     7   Next: 47%
Magic:  6/6        EV: 14    Int:  8    God:    Okawaru [......]
Gold:   276        SH:  0    Dex: 11    Spells: 0 memorised, 6 levels left

rFire  . . .     SeeInvis .     a - +1 hand crossbow
rCold  . . .     Gourm    .     c - +0 leather armour
rNeg   . . .     Faith    .     (no shield)
rPois  .         Spirit   .     (helmet restricted)
rElec  .         Dismiss  .     (no cloak)
rCorr  .         Reflect  .     (no gloves)
SustAt .         Harm     .     (no boots)
MR     .....                    (no amulet)
Stlth  +.........               (no ring)
                                (no ring)

@: not resistant to hostile enchantments, very unstealthy
A: retaliatory headbutt, horns 2
a: Renounce Religion


You were on level 5 of the Dungeon.
You worshipped Okawaru.
Okawaru was noncommittal.
You were not hungry.

You visited 1 branch of the dungeon, and saw 5 of its levels.

You collected 276 gold pieces.

Inventory:

Hand Weapons
 a - a +1 hand crossbow (weapon)
 b - a +0 short sword
 v - a +1 long sword of holy wrath
Missiles
 d - 58 bolts (quivered)
Armour
 c - a +0 leather armour (worn)
 x - a +0 helmet
Jewellery
 k - an uncursed ring of flight
Wands
 p - a wand of paralysis (11/24)
Scrolls
 h - 3 scrolls of teleportation
 i - 5 scrolls of identify
 l - 4 scrolls of remove curse {unknown}
 m - a scroll of fear {unknown}
 o - a scroll of enchant weapon {unknown}
 w - a scroll of recharging {unknown}
Potions
 e - a potion of haste {unknown}
 g - a potion of might {unknown}
 j - a potion of heal wounds {unknown}
 n - a potion of degeneration {unknown}
 r - a potion of ambrosia {unknown}
 s - a potion of lignification {unknown}
 t - a potion of resistance {unknown}
 u - 4 potions of curing {unknown}
Comestibles
 f - 6 bread rations
 q - 2 beef jerkies
 z - a chunk of flesh


   Skills:
 + Level 6.3 Fighting
 + Level 6.7 Crossbows
 + Level 5.6 Dodging
 - Level 0.7 Stealth


You had 6 spell levels left.
You didn't know any spells.

Dungeon Overview and Level Annotations

Branches:
Dungeon (5/15)
 Temple: D:4-7

Altars:
Elyvilon
Fedhas
Kikubaaqudgha
Nemelex Xobeh
Okawaru
Pakellas
Trog
Vehumet
Zin
The Shining One


Innate Abilities, Weirdness & Mutations

You reflexively headbutt those who attack you in melee.
You have a pair of horns on your head.


Message History

Press: ? - help, Shift-Dir - straight line, f - spriggan
Aim: a spriggan, wielding a short sword and wearing a robe (moderately wounded)
You shoot a bolt. The bolt barely misses the spriggan.
The spriggan shouts!
The bolt hits the spriggan!
The spriggan is heavily wounded.
The spriggan closely misses you.
A worker ant comes into view.
Firing (i - inventory):
d - 59 bolts (quivered)
Press: ? - help, Shift-Dir - straight line, f/p - spriggan
Aim: a spriggan, wielding a short sword and wearing a robe (moderately wounded)
You shoot a bolt. The bolt misses the spriggan.
The bolt closely misses the spriggan. x2
The worker ant twitches its antennae in your direction.
The spriggan hits you with a short sword!
* * * LOW HITPOINT WARNING * * *
The spriggan hits you with a short sword!
* * * LOW HITPOINT WARNING * * *
The spriggan hits you with a short sword!
You die...

#.. #... #...#+#
♣♣♣♣♣♣♣♣♣♣♣ #...#.#
♣♣i♣♣.(.a.(♣ #...#.#
♣♣♣♣♣♣♣@♣.i.♣♣♣...♣
#.....#♣♣......♣♣♣♣♣♣
♣ #.....#♣.♣♣♣♣♣♣♣
#.......♣♣ #.....#♣♣
#...#.# #...#.#
#...#.# #...#.#


You could see a spriggan.

Vanquished Creatures
  Grinder (D:3)
  2 ogres (D:4)
  A scorpion (D:4)
  A howler monkey (D:4)
  A crimson imp (D:5)
  A centaur skeleton (D:4)
  A hound (D:4)
  An iguana (D:5)
  2 worker ants (D:4)
  3 adders (D:2)
  An ooze (D:3)
  4 worms
  3 dart slugs
  2 giant geckos
  8 orcs
  8 bats
  4 giant cockroaches
  5 goblins
  9 hobgoblins
  2 jackals (D:3)
  8 kobolds
  A quokka (D:5)
  2 giant newts (D:1)
  6 rats
  A fungus (D:4)
78 creatures vanquished.

Notes
Turn   | Place    | Note
--------------------------------------------------------------
     0 | D:1      | Mellonil the Minotaur Hunter began the quest for the Orb.
     0 | D:1      | Reached XP level 1. HP: 18/18 MP: 0/0
   142 | D:1      | Reached XP level 2. HP: 25/25 MP: 1/1
   684 | D:2      | Reached XP level 3. HP: 24/31 MP: 2/2
   797 | D:2      | Reached skill level 5 in Crossbows
  1046 | D:2      | Reached XP level 4. HP: 39/39 MP: 3/3
  1051 | D:2      | Found an oddly glowing altar of Pakellas.
  1185 | D:3      | Noticed Grinder
  1189 | D:3      | Paralysed by Grinder for 4 turns
  1195 | D:3      | Killed Grinder
  1195 | D:3      | Reached XP level 5. HP: 32/47 MP: 4/4
  1195 | D:3      | Reached XP level 6. HP: 38/55 MP: 5/5
  1327 | D:3      | Reached skill level 5 in Fighting
  1905 | D:4      | Reached skill level 5 in Dodging
  2135 | D:4      | Reached XP level 7. HP: 62/62 MP: 6/6
  2279 | D:4      | Found an iron altar of Okawaru.
  2281 | D:4      | Found a radiant altar of Vehumet.
  2284 | D:4      | Found a sparkling altar of Nemelex Xobeh.
  2287 | D:4      | Became a worshipper of Warmaster Okawaru
  2610 | D:5      | Entered Level 5 of the Dungeon
  2658 | D:5      | Found a bloodstained altar of Trog.
  2659 | D:5      | Found a white marble altar of Elyvilon.
  2659 | D:5      | Found a blossoming altar of Fedhas.
  2659 | D:5      | Found a glowing golden altar of the Shining One.
  2661 | D:5      | Found a glowing silver altar of Zin.
  2664 | D:5      | Found an ancient bone altar of Kikubaaqudgha.
  2819 | D:5      | Noticed a spriggan
  2823 | D:5      | Noticed a spriggan
  2824 | D:5      | Noticed a spriggan
  2827 | D:5      | HP: 2/63 [spriggan/short sword (14)]
  2829 | D:5      | Mangled by a spriggan

Skill      XL: |  1  2  3  4  5  6  7 |
---------------+----------------------+-----
Fighting       | 3 4 5 6 |  6.3
Dodging        | 3 4 5 |  5.6
Crossbows      | 5 6 |  6.7
Stealth        | |  0.7

Action                   |  1- 3 |  4- 6 |  7- 9 || total
-------------------------+-------+-------+-------++-------
 Fire: Hand crossbow     |    79 |    83 |    49 ||   211
  Use: Scroll            |       |     3 |       ||     3
  Eat: Chunk             |       |     4 |     2 ||     6
Armor: Leather armour    |     3 |     3 |     3 ||     9
Dodge: Dodged            |    10 |     9 |    15 ||    34
